 Dungeon Crawl Stone Soup version 0.26.0-10-g1f06aea511 (webtiles) character file.

Game seed: 14282286472623311455

37 Dracia the Covert (level 3, -7/35 HPs)
             Began as a Gnoll Delver on Jan 13, 2021.
             Shot with an arrow by a centaur (8 damage)
             ... on level 3 of the Dungeon.
             The game lasted 00:00:53 (420 turns).

Dracia the Covert (Gnoll Delver)                     Turns: 420, Time: 00:00:53

Health: -7/35      AC:  3    Str: 14    XL:     3   Next: 39%
Magic:  4/4        EV: 14    Int: 13    God:
Gold:   15         SH:  0    Dex: 16    Spells: 3/3 levels left

rFire    . . .     SeeInvis .   a - +0 short sword
rCold    . . .     Faith    .   (no shield)
rNeg     . . .     Spirit   .   b - +0 leather armour
rPois    .         Reflect  .   (no helmet)
rElec    .         Harm     .   (no cloak)
rCorr    .         Rampage  .   (no gloves)
Will     .....                  (no boots)
Stlth    ++........             (no amulet)
HPRegen  0.11/turn              (no ring)
MPRegen  0.09/turn              (no ring)

@: confused, hasted, very quick
A: distributed training, fangs 1, strong nose
a: no special abilities


You were on level 3 of the Dungeon.
You visited 1 branch of the dungeon, and saw 3 of its levels.

You collected 15 gold pieces.


Innate Abilities, Weirdness & Mutations

Your experience applies equally to all skills.
You have very sharp teeth.
Your uncanny sense of smell can sniff out nearby items.


   Skills:
 + Level 6.5 Fighting
 + Level 4.5 Short Blades
 + Level 0.7 Long Blades
 + Level 0.7 Axes
 + Level 0.7 Maces & Flails
 + Level 0.7 Polearms
 + Level 0.7 Staves
 + Level 0.7 Slings
 + Level 0.7 Bows
 + Level 0.7 Crossbows
 + Level 0.7 Throwing
 + Level 0.7 Armour
 + Level 4.5 Dodging
 + Level 9.5 Stealth
 + Level 0.7 Shields
 + Level 0.7 Unarmed Combat
 + Level 0.7 Spellcasting
 + Level 0.5 Conjurations
 + Level 0.5 Hexes
 + Level 0.5 Summonings
 + Level 0.5 Necromancy
 + Level 0.5 Translocations
 + Level 0.5 Transmutations
 + Level 0.5 Fire Magic
 + Level 0.5 Ice Magic
 + Level 0.5 Air Magic
 + Level 0.5 Earth Magic
 + Level 0.5 Poison Magic
 + Level 0.9 Invocations
 + Level 0.7 Evocations


You had 3 spell levels left.
You didn't know any spells.
Your spell library was empty.

Inventory:

Hand Weapons
 a - a +0 short sword (weapon)
Armour
 b - a +0 leather armour (worn)
Wands
 g - a wand of digging (3)
Scrolls
 c - a scroll of fog
 d - a scroll of magic mapping
 e - a scroll of fear
 h - a scroll of immolation {unknown}
 i - a scroll of teleportation {unknown}
 k - a scroll of enchant weapon {unknown}
Potions
 j - a potion of cancellation

Dungeon Overview and Level Annotations

Branches:
Dungeon (5/15)
 Temple: D:4-7

Altars:

Annotations:
D:3 Sigmund

#.............?..##
#####
#.................. #
#..............##.##
### #..(cg##.....#
..###.. ###@.(......#
###.##... #..(......#
#)..#.... #(........#
#......†.
#(.(.(....####.#.....
#(..@..........#.....
#....((..)###........
#.(......=####.......
#.....)......##......
#.........##.##......
#...?.....##.........
##......#######......
#..$.....#####.......
#.................#...


You could see Sigmund, a centaur and a goblin.


Message History

The goblin throws a stone.
The stone misses you. The centaur closely misses you. Sigmund misses you.
You feel yourself speed up.
The goblin throws a stone.
The stone barely misses you. The centaur hits you.
The centaur wields a +0 shortbow.
The centaur shoots an arrow.
The arrow hits you!
* * * LOW HITPOINT WARNING * * *
Sigmund points at you and mumbles some strange words.
You are confused.
You see here an arrow.
The goblin throws a stone.
The stone misses you. Sigmund casts a spell at you.
The puff of flame misses you.
The centaur unwields a +0 shortbow.
The centaur closely misses you.
You hit the centaur but do no damage. Your bite misses the centaur.
The centaur hits you!
* * * LOW HITPOINT WARNING * * *
Sigmund barely misses you.
Unknown command.
The centaur wields a +0 shortbow.
The centaur shoots an arrow.
The arrow barely misses you.
The goblin throws a stone.
The stone misses you.
The centaur shoots an arrow.
The arrow misses you.
The goblin throws a stone.
The stone closely misses you.
The centaur shoots an arrow.
The arrow hits you.
* * * LOW HITPOINT WARNING * * *
The goblin throws a stone.
The stone hits you but does no damage.
Things that are here:
a stone; an arrow The centaur shoots an arrow.
The arrow hits you!
You die...

Skill      XL: | |
---------------+-+-----
Stealth        | |  9.5
Fighting       | |  6.5
Short Blades   | |  4.5
Long Blades    | |  0.7
Axes           | |  0.7
Maces & Flails | |  0.7
Polearms       | |  0.7
Staves         | |  0.7
Slings         | |  0.7
Bows           | |  0.7
Crossbows      | |  0.7
Throwing       | |  0.7
Armour         | |  0.7
Dodging        | |  4.5
Shields        | |  0.7
Unarmed Combat | |  0.7
Spellcasting   | |  0.7
Conjurations   | |  0.5
Hexes          | |  0.5
Summonings     | |  0.5
Necromancy     | |  0.5
Translocations | |  0.5
Transmutations | |  0.5
Fire Magic     | |  0.5
Ice Magic      | |  0.5
Air Magic      | |  0.5
Earth Magic    | |  0.5
Poison Magic   | |  0.5
Invocations    | |  0.9
Evocations     | |  0.7

Action                   || total
-------------------------++-------
Melee: Short sword       ||    35
       Bite              ||     3
  Use: Potion            ||     2
 Stab: Sleeping          ||     2
Armor: Leather armour    ||     8
Dodge: Dodged            ||    44

Levels and vault maps discovered:
D:3:      layout_rooms, lemuel_round_altar, uniq_sigmund
D:4:      layout_basic, minmay_temple_entry_wispy, vehumet_altar_wand_db
D:5:      gammafunk_steamed_eel, layout_loops_ring,
          nicolae_ru_sacrificial_ziggurat, led_sif_pool,
          cheibrodos_sewer_entry_sluice, uniq_blork_the_orc, uniq_edmund,
          uniq_grinder

Notes
Turn   | Place    | Note
-------+----------+-------------------------------------------
     0 | D:5      | Reached skill level 9 in Stealth
     0 | D:5      | Dracia the Gnoll Delver began the quest for the Orb.
     0 | D:5      | Reached XP level 1. HP: 23/23 MP: 1/1
    97 | D:4      | Reached XP level 2. HP: 17/29 MP: 2/2
   346 | D:3      | Reached XP level 3. HP: 35/35 MP: 3/3
   401 | D:3      | Noticed a centaur
   405 | D:3      | Noticed Sigmund
   419 | D:3      | HP: 1/35 [centaur/arrow (6)]
   420 | D:3      | Shot with an arrow by a centaur

Vanquished Creatures
  3 adders
  A dart slug (D:3)
  A goblin (D:3)
  2 hobgoblins (D:3)
  A ball python (D:3)
  A bat (D:3)
  A frilled lizard (D:3)
10 creatures vanquished.

Table legend: (Time is in decaauts)
 A = Elapsed time spent in this place.
 B = Non-inter-level travel time spent in this place.
 C = Inter-level travel time spent in this place.
 D = Time resting spent in this place.
 E = Time spent auto-exploring this place.
 F = Levels seen in this place.
 G = Mean time per level.
                   A        B        C        D        E       F      G
               +--------+--------+--------+--------+--------+-----+--------+
         Total |    412 |    412 |      0 |    179 |    128 |   3 |  137.3 |
       Dungeon |    412 |    412 |      0 |    179 |    128 |   3 |  137.3 |
               +--------+--------+--------+--------+--------+-----+--------+

Top non-repeatable levels by time:
     D:4: 288 daAuts
     D:3: 120 daAuts
     D:5: 3 daAuts

Table legend:
 A = Non-vault XP
 B = Vault XP
 C = Vault XP percentage of total XP
 D = Non-vault monster count
 E = Vault monster count
 F = Vault count percentage of total count
                 A         B        C        D         E       F
            +---------+---------+-------+---------+---------+-------
      Total |      53 |       0 |   0.0 |      10 |       0 |   0.0
            +---------+---------+-------+---------+---------+-------
        D:3 |      40 |       0 |   0.0 |       9 |       0 |   0.0
        D:4 |      13 |       0 |   0.0 |       1 |       0 |   0.0
            +---------+---------+-------+---------+---------+-------
